 Dungeon Crawl Stone Soup version 0.22.1-2-g9c5b331 (webtiles) character file.

1859 diana the Carver (level 8, -1/56 HPs)
             Began as a Demonspawn Gladiator on Nov 17, 2018.
             Was a Believer of Okawaru.
             Slain by a phantom (4 damage)
             ... on level 7 of the Dungeon.
             The game lasted 00:14:04 (5707 turns).

diana the Carver (Demonspawn Gladiator)             Turns: 5707, Time: 00:14:05

Health: -1/56      AC: 10    Str: 14    XL:     8   Next: 89%
Magic:  20/20      EV: 13    Int: 13    God:    Okawaru [**....]
Gold:   63         SH:  0    Dex: 16    Spells: 7/7 levels left

rFire    + . .     SeeInvis +   z - +1 falchion "Ikoanwousi" {drain, +Blink rPois rC+} (curse)
rCold    + + .     Gourm    .   (no shield)
rNeg     + . .     Faith    +   x - +0 leather armour of Gaysis {Int+3} (curse)
rPois    +         Spirit   .   c - +0 helmet
rElec    +         Reflect  .   F - +2 ratskin cloak {+Rats rPois rN+ Str-1 Int-1 Dex+1}
rCorr    +         Harm     .   (no gloves)
MR       .....     Clarity  +   r - +0 pair of boots
Stlth    ++........             g - amulet of faith
HPRegen  0.18/turn              l - ring of magical power
MPRegen  0.17/turn              u - ring of see invisible

@: resistant, berserk cooldown, slowed, very slow
A: thin metallic scales 1, clarity, nightstalker 1, powered by death 2
a: Heroism, Renounce Religion, Evoke Blink, Evoke Ratskin


You were on level 7 of the Dungeon.
You worshipped Okawaru.
Okawaru was pleased with you.
You were not hungry.

You visited 1 branch of the dungeon, and saw 7 of its levels.
You also visited: Bailey.

You collected 396 gold pieces.
You spent 333 gold pieces at shops.

Inventory:

Hand Weapons
 a - a +0 long sword
 z - the cursed +1 falchion "Ikoanwousi" (weapon) {drain, +Blink rPois rC+}
   (You found it on level 4 of the Dungeon)

   A truly terrible weapon, it drains the life of those it strikes.
   It protects you from cold.
   It protects you from poison.
   It lets you blink.
   It has a curse placed upon it.
Missiles
 b - a bolt
 d - 2 throwing nets (quivered)
Armour
 c - a +0 helmet (worn)
 r - a +0 pair of boots (worn)
 x - the cursed +0 leather armour of Gaysis (worn) {Int+3}
   (You found it on level 4 of the Dungeon)

   It affects your intelligence (+3).
   It has a curse placed upon it.
 F - the +2 ratskin cloak (worn) {+Rats rPois rN+ Str-1 Int-1 Dex+1}
   (You bought it in a shop on level 4 of the Dungeon)

   It affects your strength (-1).
   It affects your intelligence (-1).
   It affects your dexterity (+1).
   It protects you from poison.
   It protects you from negative energy.
 H - a cursed +0 ring mail
Jewellery
 g - an amulet of faith (around neck)
 l - a ring of magical power (left hand)
 u - a ring of see invisible (right hand)
Wands
 y - a wand of flame (17)
 B - a wand of random effects (24)
 C - a wand of disintegration (12)
 E - a wand of polymorph (18)
Scrolls
 i - a scroll of amnesia
 k - 2 scrolls of immolation
 m - 7 scrolls of teleportation
 q - a scroll of enchant armour {unknown}
 s - 2 scrolls of blinking {unknown}
 t - 2 scrolls of remove curse
 A - a scroll of noise {unknown}
 D - a scroll of magic mapping {unknown}
 G - a scroll of fear {unknown}
Potions
 e - a potion of lignification
 n - a potion of magic
 o - 2 potions of flight
 p - 3 potions of brilliance
 w - 2 potions of curing {unknown}
Comestibles
 f - 10 rations


   Skills:
 - Level 2.0 Fighting
 + Level 9.8 Long Blades
 - Level 1.7 Throwing
 - Level 2.6 Dodging
 - Level 5.0 Invocations
 - Level 3.2 Evocations


You had 7 spell levels left.
You didn't know any spells.
Your spell library contained the following spells:

 Spells                   Type           Power        Failure   Level  Hunger
 Corona                   Hex            #......      36%         1    ##.....
 Flame Tongue             Conj/Fire      #....        36%         1    ##.....
 Ensorcelled Hibernation  Hex/Ice        #.....       52%         2    ###....
 Throw Flame              Conj/Fire      #.....       52%         2    ###....
 Confuse                  Hex            #.......     75%         3    ####...
 Conjure Flame            Conj/Fire      #.......     75%         3    ####...
 Dazzling Spray           Conj/Hex       #.....       75%         3    ####...
 Inner Flame              Hex/Fire       #.......     75%         3    ####...
 Tukima's Dance           Hex            #.......     75%         3    ####...
 Sticky Flame             Conj/Fire      #.......     98%         4    #####..
 Fireball                 Conj/Fire      #.........   100%        5    ######.


Dungeon Overview and Level Annotations

Branches:
Dungeon (7/15)             Temple (0/1) D:6

Altars:
Elyvilon
Gozag
Hepliaklqana
Okawaru
Qazlal
Sif Muna
Vehumet
Wu Jian
Xom

Shops:
D:4 (([!%   D:5 =

Annotations:
D:4 2 transporters, whitewolfNL's ghost, amateur MiBe


Innate Abilities, Weirdness & Mutations

You are partially covered in thin metallic scales. (AC +2)
You are slightly more attuned to the shadows.
You regenerate health from kills.
You possess an exceptional clarity of mind.


Message History

You closely miss the orc warrior.
The orc warrior is moderately wounded.
The orc warrior barely misses you.
The orc warrior hits you but does no damage.
The orc warrior wields an uncursed arbalest.
The orc warrior shoots a bolt.
The bolt hits you!
* * * LOW HITPOINT WARNING * * *
You see here a bolt.
The orc warrior shoots a bolt.
The bolt closely misses you.
There is an empty arch of ancient stone, spattered with blood here.
You see here a bolt.
The orc warrior shoots a bolt.
The bolt hits you.
* * * LOW HITPOINT WARNING * * *
There is a gate leading back out of this place here.
You see here 4 bolts.
The orc warrior shoots a bolt.
The bolt misses you.
Welcome back to the Dungeon!
The phantom hits you.
* * * LOW HITPOINT WARNING * * *
The phantom blinks!
The goblin closely misses you. The phantom hits you.
You die...

...##.............#
...###..[..........
#...##.............
..#...#............
...##..............
...####..###W≈≈≈≈≈≈
....# ##...#.≈#####
....# ###...≈#Wg.#
....# ###.).W@§#
...## #......≈#.g.#
...# #......≈#####
..## .......≈≈ .##
......§... .#
........... ##
............ # #


You could see 2 phantoms and 2 goblins.

Vanquished Creatures
  Joseph (D:7)
  A water moccasin (D:6)
  An ice beast (D:6)
  An orc warrior (D:6)
  A centaur (D:6)
  2 bullfrogs
  3 scorpions
  A crimson imp (D:5)
  2 howler monkeys (D:7)
  2 centaur skeletons (D:6)
  2 hounds
  4 orc wizards
  Crazy Yiuf (D:6)
  A bullfrog skeleton (D:4)
  Jessica (D:3)
  Terence (D:3)
  An iguana (D:7)
  Natasha (D:3)
  5 worker ants
  A killer bee zombie (D:7)
  A worker ant zombie (D:7)
  6 gnolls
  8 adders
  2 oozes
  An adder skeleton (D:4)
  4 worms
  2 dart slugs
  A leopard gecko (D:3)
  13 orcs
  5 giant cockroaches
  8 goblins
  5 hobgoblins
  A jackal (D:6)
  11 kobolds
  3 quokkas
  3 ball pythons
  8 bats
  5 frilled lizards
  A giant cockroach zombie (D:6)
  A leopard gecko skeleton (D:4)
  12 rats
134 creatures vanquished.

Notes
Turn   | Place    | Note
-------+----------+-------------------------------------------
     0 | D:1      | diana the Demonspawn Gladiator began the quest for the Orb.
     0 | D:1      | Reached XP level 1. HP: 16/16 MP: 1/1
    49 | D:1      | Reached skill level 3 in Long Blades
   157 | D:1      | Gained mutation: You are partially covered in thin metallic
                  | scales. (AC +2) [demonic ancestry]
   157 | D:1      | Reached XP level 2. HP: 16/22 MP: 2/2
   575 | D:2      | Reached XP level 3. HP: 10/27 MP: 3/3
   645 | D:2      | Reached skill level 4 in Long Blades
  1140 | D:1      | Gained mutation: You regenerate a little health from kills.
                  | [demonic ancestry]
  1140 | D:1      | Reached XP level 4. HP: 7/33 MP: 4/4
  1810 | D:2      | Reached skill level 5 in Long Blades
  1821 | D:2      | Reached XP level 5. HP: 38/38 MP: 5/5
  2182 | D:3      | Noticed Natasha
  2190 | D:3      | Killed Natasha
  2358 | D:3      | Noticed Jessica
  2368 | D:3      | Killed Jessica
  2368 | D:3      | Reached skill level 6 in Long Blades
  2387 | D:3      | Noticed Terence
  2399 | D:3      | Killed Terence
  2399 | D:3      | Gained mutation: You regenerate health from kills. [demonic
                  | ancestry]
  2399 | D:3      | Reached XP level 6. HP: 17/44 MP: 6/6
  2422 | D:3      | Found a deep blue altar of Sif Muna.
  2573 | D:4      | Got a bloodstained leather armour
  2584 | D:4      | Identified the cursed +0 leather armour of Gaysis {Int+3}
                  | (You found it on level 4 of the Dungeon)
  2650 | D:4      | Found a transporter.
  2651 | D:4      | Noticed whitewolfNL's ghost (amateur MiBe)
  2662 | D:4      | Found a transporter.
  2717 | D:4      | Found Qiucumi's Weapon Emporium.
  2728 | D:4      | Found Feqym's Distillery.
  2729 | D:4      | Found Jouwiuts's Food Emporium.
  2732 | D:4      | Found Koucvu's Armour Emporium.
  2796 | D:4      | Found a hazy altar of Hepliaklqana.
  2890 | D:4      | Found Hosead's Antique Weapon Boutique.
  3038 | D:4      | Found a radiant altar of Vehumet.
  3131 | D:4      | Got an iridescent falchion
  3132 | D:4      | Identified the cursed +1 falchion "Ikoanwousi" {drain,
                  | +Blink rPois rC+} (You found it on level 4 of the Dungeon)
  3251 | D:4      | Found an iron altar of Okawaru.
  3316 | D:4      | Became a worshipper of Warmaster Okawaru
  3350 | D:5      | Entered Level 5 of the Dungeon
  3389 | D:5      | Reached skill level 7 in Long Blades
  3402 | D:5      | Reached skill level 1 in Evocations
  3469 | D:5      | Gained mutation: You are slightly more attuned to the
                  | shadows. [demonic ancestry]
  3469 | D:5      | Reached XP level 7. HP: 50/50 MP: 8/8
  3492 | D:5      | Found Wuogi's Jewellery Boutique.
  3560 | D:5      | Found an ornate altar of the Wu Jian Council.
  3657 | D:5      | Found a stormy altar of Qazlal.
  4066 | D:4      | Bought the +2 ratskin cloak {+Rats rPois rN+ Str-1 Int-1
                  | Dex+1} for 333 gold pieces
  4066 | D:4      | Found the +2 ratskin cloak {+Rats rPois rN+ Str-1 Int-1
                  | Dex+1}
  4247 | D:6      | Reached * piety under Okawaru
  4252 | D:6      | Found a staircase to the Ecumenical Temple.
  4299 | D:6      | Reached skill level 8 in Long Blades
  4539 | D:5      | Gained mutation: You are frail. (-10% HP) [potion of
                  | mutation]
  4539 | D:5      | Lost mutation: You are frail. (-10% HP) [potion of
                  | mutation]
  4539 | D:5      | Gained mutation: You possess an exceptional clarity of
                  | mind. [potion of mutation]
  4555 | D:6      | Found a white marble altar of Elyvilon.
  4641 | D:6      | Found a shimmering altar of Xom.
  4692 | D:6      | Reached ** piety under Okawaru
  4692 | D:6      | Reached XP level 8. HP: 49/56 MP: 10/10
  4708 | D:6      | Found an opulent altar of Gozag.
  4912 | D:6      | Reached skill level 9 in Long Blades
  5055 | D:6      | Found a runed door.
  5299 | D:6      | Noticed Crazy Yiuf
  5307 | D:6      | Killed Crazy Yiuf
  5353 | D:7      | Noticed Joseph
  5372 | D:7      | Killed Joseph
  5494 | D:7      | Reached skill level 5 in Invocations
  5670 | D:7      | Found a flagged portal.
  5682 | Bailey   | Entered a bailey
  5686 | Bailey   | Noticed an orc knight
  5707 | D:7      | Slain by a phantom

Skill      XL: |  1  2  3  4  5  6  7  8 |
---------------+-------------------------+-----
Long Blades    | 3 4 5 6 7 8 9 |  9.8
Evocations     | 1 3 |  3.2
Invocations    | 5 |  5.0
Fighting       | |  2.0
Throwing       | |  1.7
Dodging        | |  2.6

Action                   |  1- 3 |  4- 6 |  7- 9 || total
-------------------------+-------+-------+-------++-------
Melee: Long sword        |   111 |   192 |       ||   303
       Falchion          |       |    23 |   190 ||   213
       Punch             |       |       |     1 ||     1
Throw: Throwing net      |       |       |     3 ||     3
Invok: Heroism           |       |       |     2 ||     2
  Use: Potion            |       |     1 |     3 ||     4
       Scroll            |       |       |    10 ||    10
 Stab: Sleeping          |       |     2 |     3 ||     5
       Held in net/web   |       |       |     1 ||     1
  Eat: Chunk             |       |     8 |     5 ||    13
       Ration            |       |       |     1 ||     1
Armor: Leather armour    |    49 |    68 |    62 ||   179
       Skin              |       |    21 |       ||    21
       Ring mail         |       |     5 |       ||     5
Dodge: Dodged            |   107 |   144 |   174 ||   425
       Rpst.: Long sword |    37 |    32 |       ||    69
       Falchion          |       |     4 |    58 ||    62
